 Dungeon Crawl Stone Soup version 0.24-a0-446-g87df7205b4 (webtiles) character file.

Game seed: 1379312666759982516

1014 LabCoat the Cleaver (level 8, -4/67 HPs)
             Began as a Hill Orc Fighter on June 24, 2019.
             Was a Follower of Trog.
             Killed from afar by an electric eel (11 damage)
             ... with a bolt of electricity
             ... on level 7 of the Dungeon.
             The game lasted 00:23:09 (5035 turns).

LabCoat the Cleaver (Hill Orc Fighter)              Turns: 5035, Time: 00:23:11

Health: -4/67      AC: 12    Str: 20    XL:     8   Next: 21%
Magic:  8/8        EV:  4    Int:  8    God:    Trog [*.....]
Gold:   278        SH:  9    Dex: 11    Spells: 7/7 levels left

rFire    + . .     SeeInvis .   a - +0 war axe
rCold    . . .     Gourm    .   c - +0 shield
rNeg     . . .     Faith    .   o - +0 plate armour
rPois    .         Spirit   .   (no helmet)
rElec    .         Reflect  .   (no cloak)
rCorr    .         Harm     .   (no gloves)
MR       .....     Rnd*Tele +   (no boots)
Stlth    ..........             l - amulet of the acrobat
HPRegen  0.21/turn              t - ring of teleportation (curse)
MPRegen  0.11/turn              u - ring of protection from fire

@: no status effects
A: no striking features
a: Berserk, Renounce Religion


You were on level 7 of the Dungeon.
You worshipped Trog.
Trog was aware of your devotion.
You were not hungry.

You visited 2 branches of the dungeon, and saw 8 of its levels.

You collected 278 gold pieces.

Inventory:

Hand Weapons
 a - a +0 war axe (weapon)
 y - a +0 morningstar
Missiles
 b - 5 atropa-tipped darts
 m - a curare-tipped dart (quivered)
 n - 58 poisoned darts
Armour
 c - a +0 shield (worn)
 o - a +0 plate armour (worn)
Jewellery
 l - an amulet of the acrobat (around neck)
 t - a cursed ring of teleportation (left hand)
 u - a ring of protection from fire (right hand)
Wands
 r - a wand of flame (7)
 w - a wand of disintegration (12)
 x - a wand of enslavement (6)
Scrolls
 j - 2 scrolls of amnesia
 s - 2 scrolls of teleportation
Potions
 d - 2 potions of might
 e - a potion of brilliance
 g - a potion of cancellation {unknown}
 h - a potion of magic {unknown}
 i - a potion of lignification {unknown}
 k - a potion of agility {unknown}
 p - a potion of heal wounds {unknown}
 q - 2 potions of resistance
 v - a potion of flight {unknown}
Comestibles
 f - 3 rations


   Skills:
 + Level 4.7 Fighting
 * Level 10.0 Axes
 + Level 0.4 Throwing
 + Level 5.1 Armour
 + Level 4.6 Shields
 + Level 0.9 Evocations


You had 7 spell levels left.
You didn't know any spells.
Your spell library contained the following spells:

 Spells                   Type           Power        Failure   Level  Hunger
 Beastly Appendage        Tmut           #.....       100%        1    ##.....
 Magic Dart               Conj           #...         100%        1    ##.....
 Blink                    Tloc           N/A          100%        2    ###....
 Call Imp                 Summ           #.......     100%        2    ###....
 Slow                     Hex            #.......     100%        2    ###....
 Sticks to Snakes         Tmut           #.......     100%        2    ###....
 Conjure Flame            Conj/Fire      #.......     100%        3    ####...
 Mephitic Cloud           Conj/Pois/Air  #.......     100%        3    ####...
 Spider Form              Tmut/Pois      #.........   100%        3    ####...
 Ice Form                 Ice/Tmut       #.......     100%        4    #####..
 Blade Hands              Tmut           #.........   100%        5    ######.


Dungeon Overview and Level Annotations

Branches:
Dungeon (7/15)             Temple (1/1) D:4

Altars:
Ashenzari
Cheibriados
Dithmenos
Fedhas
Gozag
Hepliaklqana
Makhleb
Nemelex Xobeh
Okawaru
Qazlal
Ru
Sif Muna
Trog
Uskayaw
Wu Jian
Xom
Yredelemnul
Zin

Shops:
D:5 !

Annotations:
D:5 2 transporters


Message History

You closely miss the orc. You block the orc's attack.
You hit the orc.
The orc is heavily wounded.
The orc hits you with a +0 hand axe.
* * * LOW HITPOINT WARNING * * *
You hit the orc.
You kill the orc!
Trog accepts your kill.
You start resting.
You feel strangely unstable.
You are suddenly yanked towards a nearby monster!
Your surroundings suddenly seem different.
An electric eel comes into view.
You slash the electric eel!
The electric eel is heavily wounded.
The electric eel shoots out a bolt of lightning at you!
The bolt of electricity hits you!
* * * LOW HITPOINT WARNING * * *
The bolt of electricity hits you!
You die...

##...#
##....≈
...≈≈≈
...≈♣ ♣
#..≈♣ .≈♣
#.≈≈♣♣♣≈≈≈♣
#.≈≈≈≈≈.≈≈
#.@;≈...≈.
#.≈≈≈≈≈.≈≈
#≈≈♣♣♣≈.≈♣
#.≈♣ ≈≈♣
#.≈♣ ♣ ....
..≈≈ ....
.... ....#
...≈≈ ....#


You could see an electric eel.

Vanquished Creatures
  An orc warrior (D:6)
  2 ogres (D:5)
  A scorpion (D:5)
  A howler monkey (D:5)
  2 crimson imps (D:5)
  A quasit (D:6)
  2 hounds (D:4)
  A jelly (D:5)
  A centaur skeleton (D:4)
  2 orc priests
  2 orc wizards (D:6)
  Jessica (D:3)
  Natasha (D:3)
  2 iguanas (D:4)
  2 worker ants (D:5)
  A hound zombie (D:4)
  A howler monkey zombie (D:4)
  4 adders
  A shadow imp (D:5)
  2 adder skeletons
  2 adder zombies
  5 worms
  2 dart slugs
  5 leopard geckos
  11 orcs
  8 bats
  4 giant cockroaches
  7 goblins
  4 hobgoblins
  4 jackals (D:3)
  6 kobolds
  A quokka (D:5)
  3 ball pythons
  7 frilled lizards
  A giant cockroach zombie (D:4)
  A jackal zombie (D:4)
  2 leopard gecko skeletons (D:4)
  A leopard gecko zombie (D:5)
  A quokka zombie (D:4)
  12 rats
118 creatures vanquished.

Notes
Turn   | Place    | Note
-------+----------+-------------------------------------------
     0 | D:1      | LabCoat the Hill Orc Fighter began the quest for the Orb.
     0 | D:1      | Reached XP level 1. HP: 19/19 MP: 1/1
   218 | D:1      | Reached skill level 3 in Axes
   218 | D:1      | Reached XP level 2. HP: 27/27 MP: 2/2
   935 | D:1      | Reached XP level 3. HP: 33/33 MP: 3/3
  1293 | D:2      | Reached skill level 4 in Axes
  1634 | D:2      | Reached XP level 4. HP: 40/40 MP: 4/4
  1684 | D:2      | Found a snail-covered altar of Cheibriados.
  1753 | D:2      | Found a hazy altar of Hepliaklqana.
  1854 | D:2      | Found a shadowy altar of Dithmenos.
  2036 | D:3      | Reached skill level 5 in Axes
  2298 | D:3      | Found a glowing silver altar of Zin.
  2347 | D:3      | Noticed Natasha
  2393 | D:3      | Killed Natasha
  2393 | D:3      | Reached XP level 5. HP: 27/46 MP: 5/5
  2598 | D:3      | Noticed Jessica
  2605 | D:3      | Killed Jessica
  2789 | D:4      | Found a bloodstained altar of Trog.
  2802 | D:4      | Became a worshipper of Trog the Wrathful
  2843 | D:4      | Reached skill level 6 in Axes
  3026 | D:4      | Reached XP level 6. HP: 45/52 MP: 6/6
  3090 | D:4      | Found a staircase to the Ecumenical Temple.
  3101 | Temple   | Entered the Ecumenical Temple
  3551 | D:4      | Reached skill level 7 in Axes
  3567 | D:4      | Found a deep blue altar of Sif Muna.
  3992 | D:5      | Entered Level 5 of the Dungeon
  3992 | D:5      | Found Sokhukac's Distillery.
  4001 | D:5      | Reached skill level 8 in Axes
  4001 | D:5      | Reached XP level 7. HP: 60/60 MP: 7/7
  4006 | D:5      | Found a transporter.
  4021 | D:5      | Reached * piety under Trog
  4314 | D:5      | Found a blossoming altar of Fedhas.
  4467 | D:5      | Reached skill level 9 in Axes
  4651 | D:5      | Found a transporter.
  4955 | D:6      | Reached XP level 8. HP: 55/67 MP: 8/8
  4964 | D:6      | Reached skill level 5 in Armour
  4964 | D:6      | Reached skill level 10 in Axes
  5035 | D:7      | Killed from afar by an electric eel

Levels and vault maps discovered:
D:1:      lightli_arrival_farm, layout_basic, chequers_avenue, hex_medium,
          minmay_door_square
D:2:      layout_rooms, cheibriados_altar_1,
          nicolae_dithmenos_through_a_glass_darkly, lemuel_round_altar
D:3:      layout_rooms, lemuel_crystal_altar, portal_sewer_entry_e,
          first_ration, uniq_jessica, uniq_natasha
D:4:      minmay_general_purpose_star, layout_basic, old_standard_altar,
          bloody_trog, minmay_temple_entry_glassed_door, serial_undead,
          serial_undead_d, serial_undead_a, serial_undead_b, serial_undead_c
D:5:      gammafunk_cloud_chamber, layout_rooms, kennysheep_mini, serial_shops,
          nicolae_shop_crystal, kennysheep_donut
D:6:      layout_rooms
D:7:      layout_cave_pools, basic_altar, skrybe_limestone_x, grunt_ogre_cave,
          kennysheep_boxes
Temple:   minmay_temple_curvy_loop

Skill      XL: |  1  2  3  4  5  6  7  8 |
---------------+-------------------------+-----
Axes           | 3 4 5 6 8 9 10 | 10.0
Fighting       | 4 |  4.7
Armour         | 4 5 |  5.1
Shields        | 4 |  4.6
Throwing       | |  0.4
Evocations     | |  0.9

Action                   |  1- 3 |  4- 6 |  7- 9 || total
-------------------------+-------+-------+-------++-------
Melee: War axe           |   118 |   164 |    92 ||   374
Throw: Dart              |     7 |     7 |     6 ||    20
Invok: Berserk           |       |       |     3 ||     3
Evoke: Wand              |       |     9 |     3 ||    12
  Use: Scroll            |     7 |       |     3 ||    10
       Potion            |       |     2 |     2 ||     4
  Eat: Chunk             |     2 |     1 |     5 ||     8
       Ration            |     1 |     1 |     1 ||     3
Armor: Scale mail        |    38 |    61 |    13 ||   112
       Plate armour      |       |       |    46 ||    46
Dodge: Dodged            |    45 |    63 |    31 ||   139
Block: Shield            |    74 |    89 |    51 ||   214

Table legend:
 A = Non-vault XP
 B = Vault XP
 C = Vault XP percentage of total XP
 D = Non-vault monster count
 E = Vault monster count
 F = Vault count percentage of total count
                 A         B        C        D         E       F
            +---------+---------+-------+---------+---------+-------
      Total |    1243 |     206 |  14.2 |     104 |      14 |  11.9
            +---------+---------+-------+---------+---------+-------
        D:1 |      37 |       0 |   0.0 |      24 |       0 |   0.0
        D:2 |      58 |       0 |   0.0 |      24 |       0 |   0.0
        D:3 |      67 |      72 |  51.8 |      19 |       2 |   9.5
        D:4 |     190 |     134 |  41.4 |      12 |      12 |  50.0
        D:5 |     584 |       0 |   0.0 |      15 |       0 |   0.0
        D:6 |     304 |       0 |   0.0 |       9 |       0 |   0.0
        D:7 |       3 |       0 |   0.0 |       1 |       0 |   0.0
            +---------+---------+-------+---------+---------+-------
